TOP OF THE 1ST |
---|
Penquannock Overrated Jeter batting - Pitching for Kingston Iguanas : RHP Josh Young | Pitching: RHP Josh Young | | Batting: RHB Gary Wyatt | 0-0: Ball 1-0: Ball 2-0: Ball 3-0: Base on Balls | Batting: RHB Alberto Campos | 0-0: Ball 1-0: Called Strike 1-1: Fly out, F9 (Line Drive, 9D) | Batting: LHB Félix Costa | 0-0: Ball 1-0: Foul Ball, location: 2F 1-1: Ground out U3 (Groundball, 3L) Gary Wyatt to second | Batting: SHB Tim Reid | 0-0: Swinging Strike 0-1: Ground out 1-3 (Groundball, 13S) | Top of the 1st over - 0 runs, 0 hits, 0 errors, 1 left on base; Penquannock 0 - Kingston 0 | BOTTOM OF THE 1ST |
---|
Kingston Iguanas batting - Pitching for Penquannock Overrated Jeter : RHP César Villanueva | Pitching: RHP César Villanueva | | Batting: LHB Marvin Nichols | 0-0: Ball 1-0: DOUBLE (Line Drive, 7LD) | Batting: RHB Francisco Martínez | 0-0: Ball 1-0: Ball 2-0: Swinging Strike 2-1: Ball 3-1: Base on Balls | Batting: LHB Gustavo Gómez | 0-0: Foul Ball, location: 2F 0-1: Called Strike 0-2: Strikes out swinging | Batting: LHB Jon Quinn | 0-0: Ball 1-0: Ball 2-0: Ball 3-0: Called Strike 3-1: Base on Balls Marvin Nichols to third Francisco Martínez to second | Batting: RHB Bob Lee | 0-0: Ball 1-0: Ball 2-0: Called Strike 2-1: Foul Ball, location: 2F 2-2: Strikes out swinging | Batting: RHB Sergio Mata | 0-0: Called Strike 0-1: Ball 1-1: Foul Ball, location: 2F 1-2: Ball 2-2: SINGLE (Line Drive, 89M) Marvin Nichols scores Francisco Martínez to third Jon Quinn to second | Batting: SHB John Beach | 0-0: Ball 1-0: Foul Ball, location: 2F 1-1: Ball 2-1: Ball 3-1: Swinging Strike 3-2: Base on Balls Francisco Martínez scores Jon Quinn to third Sergio Mata to second | Batting: LHB Henry Durham | 0-0: Ball 1-0: Ball 2-0: Foul Ball, location: 2F 2-1: SINGLE (Groundball, 6MD) Jon Quinn scores Sergio Mata to third John Beach to second Runner from 3rd tries for Home, SAFE, no throw | Batting: SHB Júlio Valentín | 0-0: Ball 1-0: Ball 2-0: Ball 3-0: Base on Balls John Beach to third Henry Durham to second | Batting: LHB Marvin Nichols | 0-0: Ball 1-0: Fly out, F9 (Flyball, 9D) | Bottom of the 1st over - 4 runs, 3 hits, 0 errors, 3 left on base; Penquannock 0 - Kingston 4 | TOP OF THE 2ND |
---|
Penquannock Overrated Jeter batting - Pitching for Kingston Iguanas : RHP Josh Young | Batting: SHB Cristián López | 0-0: Called Strike 0-1: Foul Ball, location: 2F 0-2: Ball 1-2: Strikes out looking | Batting: LHB Eric Powell | 0-0: Ball 1-0: Called Strike 1-1: Ball 2-1: Swinging Strike 2-2: Ball 3-2: Foul Ball, location: 2F 3-2: Foul Ball, location: 2F 3-2: Base on Balls | Batting: SHB Francisco Ávila | 0-0: Ball 1-0: Called Strike 1-1: Fielders Choice at 2nd, 4-6 (Groundball, 4M) | Batting: RHB Phil Wright | 0-0: Swinging Strike 0-1: Foul Ball, location: 2F 0-2: Ball 1-2: Foul Ball, location: 2F 1-2: Ball 2-2: Strikes out swinging | Top of the 2nd over - 0 runs, 0 hits, 0 errors, 1 left on base; Penquannock 0 - Kingston 4 | BOTTOM OF THE 2ND |
---|
Kingston Iguanas batting - Pitching for Penquannock Overrated Jeter : RHP César Villanueva | Batting: RHB Francisco Martínez | 0-0: Swinging Strike 0-1: Ball 1-1: SINGLE (Groundball, 56D) | Batting: LHB Gustavo Gómez | 0-0: Ball 1-0: Ball 2-0: Ball 3-0: Base on Balls Francisco Martínez to second | Batting: LHB Jon Quinn | 0-0: Ball 1-0: Called Strike 1-1: Called Strike 1-2: Ball 2-2: Strikes out swinging | Batting: RHB Bob Lee | 0-0: Ball 1-0: 3-RUN HOME RUN (Flyball, 78XD), Distance : 390 ft | Batting: RHB Sergio Mata | 0-0: Called Strike 0-1: Foul Ball, location: 2F 0-2: Ball 1-2: Ball 2-2: Foul Ball, location: 2F 2-2: Foul Ball, location: 2F 2-2: Foul Ball, location: 2F 2-2: Foul Ball, location: 2F 2-2: SINGLE (Line Drive, 8LS) | Batting: SHB John Beach | 0-0: Called Strike 0-1: Foul Ball, location: 2F 0-2: Ball 1-2: Grounds into double play, 6-4-3 (Groundball, 6) | Bottom of the 2nd over - 3 runs, 3 hits, 0 errors, 0 left on base; Penquannock 0 - Kingston 7 | TOP OF THE 3RD |
---|
Penquannock Overrated Jeter batting - Pitching for Kingston Iguanas : RHP Josh Young | Batting: LHB Roberto Trujillo | 0-0: Foul Ball, location: 2F 0-1: Fly out, F7 (Flyball, 7) | Batting: RHB Gary Wyatt | 0-0: Ball 1-0: Called Strike 1-1: Ball 2-1: Ball 3-1: Called Strike 3-2: Strikes out looking | Batting: RHB Alberto Campos | 0-0: Called Strike 0-1: Ball 1-1: SINGLE (Groundball, 34D) | Batting: LHB Félix Costa | 0-0: Called Strike 0-1: Swinging Strike 0-2: Ball 1-2: Ball 2-2: Foul Ball, location: 2F 2-2: Strikes out swinging | Top of the 3rd over - 0 runs, 1 hit, 0 errors, 1 left on base; Penquannock 0 - Kingston 7 | BOTTOM OF THE 3RD |
---|
Kingston Iguanas batting - Pitching for Penquannock Overrated Jeter : RHP César Villanueva | Batting: LHB Henry Durham | 0-0: Called Strike 0-1: Ball 1-1: Called Strike 1-2: Foul Ball, location: 2F 1-2: DOUBLE (Line Drive, 8LD) | Pitching: RHP Dustin Lynch | | Batting: SHB Júlio Valentín | 0-0: Foul Ball, location: 2F 0-1: Ball 1-1: Ball 2-1: Foul Ball, location: 2F 2-2: Foul Ball, location: 2F 2-2: Ground out 6-3 (Groundball, 6) | Batting: LHB Marvin Nichols | 0-0: Ball 1-0: Ball 2-0: Ball 3-0: Called Strike 3-1: Swinging Strike 3-2: Strikes out swinging | Batting: RHB Francisco Martínez | 0-0: Called Strike 0-1: Foul Ball, location: 2F 0-2: Ball 1-2: Strikes out looking | Bottom of the 3rd over - 0 runs, 1 hit, 0 errors, 1 left on base; Penquannock 0 - Kingston 7 | TOP OF THE 4TH |
---|
Penquannock Overrated Jeter batting - Pitching for Kingston Iguanas : RHP Josh Young | Batting: SHB Tim Reid | 0-0: Ball 1-0: Called Strike 1-1: DOUBLE (Line Drive, 9LM) | Batting: SHB Cristián López | 0-0: Called Strike 0-1: Ball 1-1: Foul Ball, location: 2F 1-2: Ball 2-2: Ball 3-2: Base on Balls | Batting: LHB Eric Powell | 0-0: Called Strike 0-1: Ball 1-1: Ball 2-1: Foul Ball, location: 2F 2-2: Ball 3-2: SINGLE (Groundball, 4D) Tim Reid to third Cristián López to second Runner from 3rd tries for Home, SAFE, no throw | Batting: SHB Francisco Ávila | 0-0: SINGLE (Groundball, 56D) Cristián López to third Eric Powell to second | Batting: RHB Phil Wright | 0-0: Ball 1-0: Foul Ball, location: 2F 1-1: Called Strike 1-2: Strikes out swinging | Batting: LHB Roberto Trujillo | 0-0: Ball 1-0: Foul Ball, location: 2F 1-1: Called Strike 1-2: Strikes out swinging | Batting: RHB Gary Wyatt | 0-0: Ball 1-0: Called Strike 1-1: Called Strike 1-2: Ball 2-2: Ball 3-2: Base on Balls Cristián López scores Eric Powell to third Francisco Ávila to second | Batting: RHB Alberto Campos | 0-0: Swinging Strike 0-1: Called Strike 0-2: Ball 1-2: Strikes out swinging | Top of the 4th over - 2 runs, 3 hits, 0 errors, 3 left on base; Penquannock 2 - Kingston 7 | BOTTOM OF THE 4TH |
---|
Kingston Iguanas batting - Pitching for Penquannock Overrated Jeter : RHP Dustin Lynch | Batting: LHB Gustavo Gómez | 0-0: Ground out 4-3 (Groundball, 4) | Batting: LHB Jon Quinn | 0-0: Ball 1-0: Ball 2-0: Called Strike 2-1: Ball 3-1: Swinging Strike 3-2: Foul Ball, location: 2F 3-2: Base on Balls | Batting: RHB Bob Lee | 0-0: Ball 1-0: Foul Ball, location: 2F 1-1: Ball 2-1: Foul Ball, location: 2F 2-2: Ball 3-2: Foul Ball, location: 2F 3-2: Foul Ball, location: 2F 3-2: Base on Balls Jon Quinn to second | Batting: RHB Sergio Mata | 0-0: Ball 1-0: Foul Ball, location: 2F 1-1: Ball 2-1: Ball 3-1: Base on Balls Jon Quinn to third Bob Lee to second | Batting: SHB John Beach | 0-0: Called Strike 0-1: SINGLE (Groundball, 4MD) Jon Quinn scores Bob Lee to third Sergio Mata to second | Batting: LHB Henry Durham | 0-0: Called Strike 0-1: Ball 1-1: Ball 2-1: Ball 3-1: Base on Balls Bob Lee scores Sergio Mata to third John Beach to second | Batting: SHB Júlio Valentín | 0-0: Called Strike 0-1: Ball 1-1: Grounds into double play, 5-4-3 (Groundball, 56) | Bottom of the 4th over - 2 runs, 1 hit, 0 errors, 2 left on base; Penquannock 2 - Kingston 9 | TOP OF THE 5TH |
---|
Penquannock Overrated Jeter batting - Pitching for Kingston Iguanas : RHP Josh Young | Batting: LHB Félix Costa | 0-0: Hit by Pitch | Pinch Runner at 1st Matt Reese: | | Batting: SHB Tim Reid | 0-0: Ground out 5-3 (Groundball, 5S) Matt Reese to second | Batting: SHB Cristián López | 0-0: Ball 1-0: Ball 2-0: Ball 3-0: Base on Balls | Batting: LHB Eric Powell | 0-0: Called Strike 0-1: Foul Ball, location: 2F 0-2: Ball 1-2: Strikes out swinging | Batting: SHB Francisco Ávila | 0-0: Ball 1-0: Foul Ball, location: 2F 1-1: Swinging Strike 1-2: Fly out, F8 (Flyball, 8RD) | Top of the 5th over - 0 runs, 0 hits, 0 errors, 2 left on base; Penquannock 2 - Kingston 9 | BOTTOM OF THE 5TH |
---|
Kingston Iguanas batting - Pitching for Penquannock Overrated Jeter : RHP Dustin Lynch | Now in CF: Matt Reese | | Batting: LHB Marvin Nichols | 0-0: Ground out 6-3 (Groundball, 6) | Batting: RHB Francisco Martínez | 0-0: SOLO HOME RUN (Flyball, 7LD), Distance : 332 ft | Batting: LHB Gustavo Gómez | 0-0: Ground out 4-3 (Groundball, 4) | Batting: LHB Jon Quinn | 0-0: Ball 1-0: Swinging Strike 1-1: SINGLE (Line Drive, 34D) | Batting: RHB Bob Lee | 0-0: Called Strike 0-1: Ball 1-1: Foul Ball, location: 2F 1-2: Strikes out swinging | Bottom of the 5th over - 1 run, 2 hits, 0 errors, 1 left on base; Penquannock 2 - Kingston 10 | TOP OF THE 6TH |
---|
Penquannock Overrated Jeter batting - Pitching for Kingston Iguanas : RHP Josh Young | Batting: RHB Phil Wright | 0-0: Foul Ball, location: 2F 0-1: Reached on error, E5 (Groundball, 56S) | Pitching: RHP Tom Hicks | | Batting: LHB Roberto Trujillo | 0-0: Called Strike 0-1: Ground out U3 (Groundball, 3) Phil Wright to third | Batting: RHB Gary Wyatt | 0-0: Ball 1-0: Foul Ball, location: 2F 1-1: Ball 2-1: Foul Ball, location: 2F 2-2: Ball 3-2: 2-RUN HOME RUN (Flyball, 7D), Distance : 378 ft | Batting: RHB Alberto Campos | 0-0: Foul Ball, location: 2F 0-1: Swinging Strike 0-2: Ball 1-2: Fly out, F9 (Flyball, 89S) | Batting: LHB Matt Reese | 0-0: Called Strike 0-1: Foul Ball, location: 2F 0-2: Ball 1-2: Ball 2-2: SINGLE (Groundball, 4MD) | Batting: SHB Tim Reid | 0-0: Ball Matt Reese is caught stealing 2nd base | Top of the 6th over - 2 runs, 2 hits, 1 error, 0 left on base; Penquannock 4 - Kingston 10 | BOTTOM OF THE 6TH |
---|
Kingston Iguanas batting - Pitching for Penquannock Overrated Jeter : RHP Dustin Lynch | Batting: RHB Sergio Mata | 0-0: Ball 1-0: Called Strike 1-1: Ball 2-1: Ground out 3-1 (Groundball, 34S) | Batting: SHB John Beach | 0-0: Ball 1-0: Called Strike 1-1: Ball 2-1: Ball 3-1: Base on Balls | Batting: LHB Henry Durham | 0-0: Foul Ball, location: 2F 0-1: Ball 1-1: Foul Ball, location: 2F 1-2: Foul Ball, location: 2F 1-2: SINGLE (Groundball, 4D) John Beach to second Runner from 2nd tries for 3rd, SAFE, no throw | Batting: SHB Júlio Valentín | 0-0: Ball 1-0: Called Strike 1-1: Reached on error, E9 (Flyball, 9) John Beach scores Henry Durham to second | Batting: LHB Marvin Nichols | 0-0: Called Strike 0-1: Fly out, F4 (Popup, 34D) | Batting: RHB Francisco Martínez | 0-0: Swinging Strike 0-1: Ball 1-1: SINGLE (Groundball, 6D) Henry Durham to third Júlio Valentín to second Runner from 3rd tries for Home, SAFE, no throw | Batting: LHB Gustavo Gómez | 0-0: Foul Ball, location: 2F 0-1: Foul Ball, location: 2F 0-2: Ball 1-2: Ball 2-2: Ball 3-2: Base on Balls Júlio Valentín to third Francisco Martínez to second | Pitching: RHP Javier Moreno | | Batting: LHB Jon Quinn | 0-0: Called Strike 0-1: Ball 1-1: Foul Ball, location: 2F 1-2: SINGLE (Line Drive, 6MD) Júlio Valentín scores Francisco Martínez to third Gustavo Gómez to second | Batting: RHB Bob Lee | 0-0: Ball 1-0: Swinging Strike 1-1: Ball 2-1: SINGLE (Line Drive, 9S) Francisco Martínez scores Gustavo Gómez to third Jon Quinn to second | Batting: RHB Sergio Mata | 0-0: Ball 1-0: Fly out, F9 (Line Drive, 9D) | Bottom of the 6th over - 4 runs, 4 hits, 1 error, 3 left on base; Penquannock 4 - Kingston 14 | TOP OF THE 7TH |
---|
Penquannock Overrated Jeter batting - Pitching for Kingston Iguanas : RHP Tom Hicks | Batting: SHB Tim Reid | 0-0: Called Strike 0-1: Foul Ball, location: 2F 0-2: Ball 1-2: Ball 2-2: Ground out 4-3 (Groundball, 4) | Batting: SHB Cristián López | 0-0: Called Strike 0-1: Ground out 6-3 (Groundball, 6) | Batting: LHB Eric Powell | 0-0: SINGLE (Groundball, 56) (infield hit) | Batting: SHB Francisco Ávila | 0-0: Ball Eric Powell is caught stealing 2nd base | Top of the 7th over - 0 runs, 1 hit, 0 errors, 0 left on base; Penquannock 4 - Kingston 14 | BOTTOM OF THE 7TH |
---|
Kingston Iguanas batting - Pitching for Penquannock Overrated Jeter : RHP Javier Moreno | Batting: SHB John Beach | 0-0: Foul Ball, location: 2F 0-1: Ball 1-1: Ball 2-1: Ball 3-1: Base on Balls | Batting: LHB Henry Durham | 0-0: SINGLE (Groundball, 56D) John Beach to second | Batting: SHB Júlio Valentín | 0-0: SINGLE (Flyball, 9S) John Beach to third Henry Durham to second Runner from 3rd tries for Home, SAFE, no throw | Batting: LHB Marvin Nichols | 0-0: Called Strike 0-1: Swinging Strike 0-2: Foul Ball, location: 2F 0-2: Foul Ball, location: 2F 0-2: Ball 1-2: Strikes out looking | Batting: RHB Francisco Martínez | 0-0: Called Strike 0-1: SINGLE (Line Drive, 78S) Henry Durham to third Júlio Valentín to second | Batting: LHB Gustavo Gómez | 0-0: Ball 1-0: Fly out, F9 (Flyball, 89S) Runner from 3rd tags up, SCORES, no throw | Batting: LHB Jon Quinn | 0-0: Called Strike 0-1: Ball 1-1: Swinging Strike 1-2: Foul Ball, location: 2F 1-2: Ball 2-2: Foul Ball, location: 2F 2-2: Foul Ball, location: 2F 2-2: SINGLE (Line Drive, 8RS) Júlio Valentín to third Francisco Martínez to second Runner from 3rd tries for Home, SAFE, throw made home | Batting: RHB Bob Lee | 0-0: Ball 1-0: Ground out 4-3 (Groundball, 4S) | Bottom of the 7th over - 3 runs, 4 hits, 0 errors, 2 left on base; Penquannock 4 - Kingston 17 | TOP OF THE 8TH |
---|
Penquannock Overrated Jeter batting - Pitching for Kingston Iguanas : RHP Tom Hicks | Batting: SHB Francisco Ávila | 0-0: Called Strike 0-1: Ball 1-1: Ball 2-1: Swinging Strike 2-2: Ground out 4-3 (Groundball, 4) | Batting: RHB Phil Wright | 0-0: SOLO HOME RUN (Flyball, 7D), Distance : 363 ft | Batting: LHB Roberto Trujillo | 0-0: Called Strike 0-1: Swinging Strike 0-2: Strikes out swinging | Batting: RHB Gary Wyatt | 0-0: Ball 1-0: Ball 2-0: Ground out U3 (Groundball, 34) | Top of the 8th over - 1 run, 1 hit, 0 errors, 0 left on base; Penquannock 5 - Kingston 17 | BOTTOM OF THE 8TH |
---|
Kingston Iguanas batting - Pitching for Penquannock Overrated Jeter : RHP Javier Moreno | Batting: RHB Sergio Mata | 0-0: Ball 1-0: Ball 2-0: Called Strike 2-1: Swinging Strike 2-2: Foul Ball, location: 2F 2-2: Ball 3-2: Foul Ball, location: 2F 3-2: Foul Ball, location: 2F 3-2: Fly out, F3 (Popup, 34) | Batting: SHB John Beach | 0-0: Ball 1-0: Fly out, F8 (Flyball, 78D) | Batting: LHB Henry Durham | 0-0: Foul Ball, location: 2F 0-1: Swinging Strike 0-2: Ground out 1-3 (Groundball, 13S) | Bottom of the 8th over - 0 runs, 0 hits, 0 errors, 0 left on base; Penquannock 5 - Kingston 17 | TOP OF THE 9TH |
---|
Penquannock Overrated Jeter batting - Pitching for Kingston Iguanas : RHP Tom Hicks | Batting: RHB Alberto Campos | 0-0: Ball 1-0: Ball 2-0: Called Strike 2-1: SOLO HOME RUN (Flyball, 78XD), Distance : 391 ft | Batting: LHB Matt Reese | 0-0: Called Strike 0-1: Called Strike 0-2: Strikes out swinging | Batting: SHB Tim Reid | 0-0: Foul Ball, location: 2F 0-1: Swinging Strike 0-2: Strikes out swinging | Batting: SHB Cristián López | 0-0: Ball 1-0: Called Strike 1-1: Foul Ball, location: 2F 1-2: Strikes out swinging | Top of the 9th over - 1 run, 1 hit, 0 errors, 0 left on base; Penquannock 6 - Kingston 17 | |